 Dungeon Crawl Stone Soup version 0.25-a0-424-g80bd347ae0 (webtiles) character file.

Game seed: 15286199196590768697, levelgen mode: deterministic

678 kae the Frost Mage (level 7, -1/46 HPs)
             Began as a Merfolk Ice Elementalist on Jan 22, 2020.
             Killed from afar by an orc wizard (8 damage)
             ... with a magic dart
             ... on level 4 of the Dungeon.
             The game lasted 00:06:11 (3614 turns).

kae the Frost Mage (Merfolk Ice Elementalist)       Turns: 3614, Time: 00:06:12

Health: -1/46      AC:  5    Str: 10    XL:     7   Next: 60%
Magic:  22/22      EV: 13    Int: 15    God:
Gold:   427        SH:  0    Dex: 14    Spells: 13/14 levels left

rFire    . . .     SeeInvis .   e - +0 trident
rCold    . . .     Gourm    .   (no shield)
rNeg     . . .     Faith    .   a - +0 robe
rPois    .         Spirit   .   (no helmet)
rElec    .         Reflect  .   (no cloak)
rCorr    .         Harm     .   j - +0 pair of gloves
MR       .....                  i - +1 pair of boots
Stlth    ++........             (no amulet)
HPRegen  0.15/turn              q - ring of magical power
MPRegen  0.18/turn              (no ring)

@: no status effects
A: change form in water, swift swim, stealthy swim
a: no special abilities


You were on level 4 of the Dungeon.
You were not hungry.

You visited 1 branch of the dungeon, and saw 4 of its levels.
You also visited: Sewer.

You collected 427 gold pieces.

Inventory:

Hand Weapons
 d - a +0 flail
 e - a +0 trident (weapon)
Armour
 a - a +0 robe (worn)
 i - a +1 pair of boots (worn)
 j - a +0 pair of gloves (worn)
Jewellery
 p - an uncursed amulet of rage
 q - a ring of magical power (left hand)
Wands
 l - a wand of digging (5)
 s - a wand of scattershot (3)
Scrolls
 f - a scroll of noise {unknown}
 g - a scroll of amnesia {unknown}
 k - a scroll of enchant armour
 n - 4 scrolls of remove curse
 t - a scroll of identify
Potions
 b - 2 potions of haste
 h - 4 potions of curing
 m - a potion of agility
 o - 3 potions of heal wounds
Comestibles
 c - 9 rations
 r - 3 chunks of flesh


   Skills:
 + Level 4.5 Polearms
 - Level 2.6 Dodging
 - Level 2.1 Stealth
 - Level 4.0 Spellcasting
 - Level 8.1 Ice Magic


You had 13 spell levels left.
You knew the following spells:

 Your Spells              Type           Power        Failure   Level  Hunger
a - Freeze                Ice            ####         1%          1    None

Your spell library contained the following spells:

 Spells                   Type           Power        Failure   Level  Hunger
 Ozocubu's Armour         Chrm/Ice       ###.....     10%         3    ###....
 Hailstorm                Conj/Ice       ###.....     32%         4    ####...
 Summon Ice Beast         Ice/Summ       ###.....     32%         4    ####...


Dungeon Overview and Level Annotations

Branches:
Dungeon (4/15)              Sewer (visited)
 Temple: D:4-7

Altars:
Elyvilon


Message History

Casting: Freeze (safe; 1% risk of failure)
Confirm with . or Enter, or press ? or * to list all spells.
You can't see any susceptible monsters within range! (Use Z to cast anyway.)
You miss something. Something hits you but does no damage.
You closely miss something. Something hits you.
You miss something. Something hits you but does no damage. Something hits you.
You miss something. Something hits you.
* * * LOW HITPOINT WARNING * * *
You hit something. Something barely misses you.
You closely miss something. Something completely misses you.
You hit something.
You hear some strange, mumbled words.
A magic dart appears from out of thin air!
The magic dart hits you!
* * * LOW HITPOINT WARNING * * *
You closely miss something.
You hear some strange, mumbled words.
A magic dart appears from out of thin air!
The magic dart hits you!
You die...

#..... . .....#....#
.###... .......#....# ##
... . .......[...#####
.# .. .
............#..### .#
.##. ................##
## ....#
.................. .
.....##.#..........##...
..................#####.
......{@.##........ #.
###...#)##.......######.
##.#..#[#.....#...###...
........##....#....#..##
.###..#................#
####..........#......
#(.##...#...#..#...
#..###..#......###.
..... ##........# .


There were no monsters in sight!

Vanquished Creatures
  An ogre (D:4)
  A crocodile (Sewer)
  2 orc priests (D:3)
  A hound (D:4)
  2 orc wizards (D:4)
  Jessica (D:3)
  2 iguanas (D:4)
  3 worker ants (D:4)
  4 gnolls
  8 adders
  An ooze (D:1)
  4 worms
  2 dart slugs
  2 leopard geckos
  11 orcs
  3 ball pythons
  9 bats
  2 giant cockroaches
  8 goblins
  4 hobgoblins
  10 jackals
  7 frilled lizards
  10 kobolds
  A quokka skeleton (D:4)
  9 rats
108 creatures vanquished.

Notes
Turn   | Place    | Note
-------+----------+-------------------------------------------
     0 | D:1      | kae the Merfolk Ice Elementalist began the quest for the
                  | Orb.
     0 | D:1      | Reached XP level 1. HP: 13/13 MP: 3/3
    31 | D:1      | Reached XP level 2. HP: 10/19 MP: 0/5
   441 | D:1      | Reached skill level 5 in Ice Magic
   562 | D:1      | Reached XP level 3. HP: 24/24 MP: 6/6
  1507 | D:2      | Reached XP level 4. HP: 25/30 MP: 4/8
  1578 | D:2      | Found a white marble altar of Elyvilon.
  1864 | D:3      | Noticed Jessica
  1913 | D:3      | Killed Jessica
  1913 | D:3      | Reached skill level 6 in Ice Magic
  1913 | D:3      | Reached XP level 5. HP: 34/35 MP: 5/9
  2280 | D:3      | Found a glowing drain.
  2285 | Sewer    | Entered a sewer
  2465 | Sewer    | Noticed a crocodile
  2487 | Sewer    | Killed a crocodile
  2487 | Sewer    | Reached skill level 7 in Ice Magic
  2487 | Sewer    | Reached XP level 6. HP: 41/41 MP: 11/11
  3393 | D:4      | Reached skill level 1 in Polearms
  3416 | D:4      | Reached XP level 7. HP: 40/46 MP: 13/13
  3425 | D:4      | Reached skill level 8 in Ice Magic
  3614 | D:4      | Killed from afar by an orc wizard

Levels and vault maps discovered:
D:1:      dpeg_arrival_rooms_a, layout_rooms
D:2:      layout_basic, lemuel_crystal_altar
D:3:      layout_rooms, lightli_sewer_entry_pipes, uniq_jessica
D:4:      layout_cave_pools, minmay_temple_entry_butterflies, first_ration,
          grunt_decor_fettered, uniq_crazy_yiuf_cottage

Skill      XL: |  1  2  3  4  5  6  7 |
---------------+----------------------+-----
Ice Magic      | 5 6 7 8 |  8.1
Spellcasting   | 3 4 |  4.0
Polearms       | 1 4 |  4.5
Dodging        | |  2.6
Stealth        | |  2.1

Action                   |  1- 3 |  4- 6 |  7- 9 || total
-------------------------+-------+-------+-------++-------
Melee: Unarmed           |    12 |       |       ||    12
       Flail             |    41 |     5 |       ||    46
       Trident           |       |    25 |    50 ||    75
 Cast: Freeze            |    31 |   103 |    18 ||   152
  Use: Scroll            |       |    12 |       ||    12
       Potion            |       |     2 |     2 ||     4
 Stab: Sleeping          |     3 |     4 |       ||     7
  Eat: Chunk             |     2 |     6 |     1 ||     9
Armor: Robe              |    22 |    19 |    21 ||    62
Dodge: Dodged            |    85 |    69 |    40 ||   194

Table legend:
 A = Non-vault XP
 B = Vault XP
 C = Vault XP percentage of total XP
 D = Non-vault monster count
 E = Vault monster count
 F = Vault count percentage of total count
                 A         B        C        D         E       F
            +---------+---------+-------+---------+---------+-------
      Total |     755 |     214 |  22.1 |      94 |      14 |  13.0
            +---------+---------+-------+---------+---------+-------
        D:1 |      62 |       0 |   0.0 |      27 |       0 |   0.0
        D:2 |      64 |       5 |   7.2 |      19 |       1 |   5.0
        D:3 |     136 |      91 |  40.1 |      23 |       7 |  23.3
        D:4 |     493 |       0 |   0.0 |      25 |       0 |   0.0
      Sewer |       0 |     118 | 100.0 |       0 |       6 | 100.0
            +---------+---------+-------+---------+---------+-------
